 Dungeon Crawl Stone Soup version 0.22.1-1-ga44c0e5 (webtiles) character file.

49 suicidejoker the Sneak (level 3, -7/24 HPs)
             Began as an Octopode Assassin on Sept 24, 2018.
             Killed by nerve-wracking pain
             ... invoked by an orc priest
              (14 damage)
             ... on level 2 of the Dungeon.
             The game lasted 00:04:36 (1101 turns).

suicidejoker the Sneak (Octopode Assassin)          Turns: 1101, Time: 00:04:37

Health: -7/24      AC:  1    Str: 11    XL:     3   Next: 75%
Magic:  3/3        EV: 13    Int: 13    God:
Gold:   64         SH:  0    Dex: 13    Spells: 2/2 levels left

rFire    . . .     SeeInvis .   a - +2 dagger
rCold    . . .     Gourm    .   (no shield)
rNeg     . . .     Faith    .   (helmet restricted)
rPois    .         Spirit   .   e - amulet of the acrobat
rElec    .         Reflect  .   (no ring)
rCorr    .         Harm     .   (no ring)
MR       .....                  (no ring)
Stlth    ++++......             (no ring)
HPRegen  0.08/turn              (no ring)
MPRegen  0.08/turn              (no ring)
                                (no ring)
                                (no ring)

@: very slightly contaminated, invisible
A: almost no armour, stealthy swim, amphibious, 8 rings, constrict 8, camouflage
1, gelatinous body 1
a: no special abilities


You were on level 2 of the Dungeon.
You were hungry.

You visited 1 branch of the dungeon, and saw 2 of its levels.

You collected 64 gold pieces.

Inventory:

Hand Weapons
 a - a +2 dagger (weapon)
 b - a +0 blowgun
Missiles
 c - 8 poisoned needles
 d - 2 curare-tipped needles
Jewellery
 e - an amulet of the acrobat (around mantle)
Scrolls
 g - a scroll of remove curse {unknown}
 j - 2 scrolls of amnesia {unknown}
Potions
 k - a potion of heal wounds {unknown}
 l - a potion of lignification {unknown}
Comestibles
 f - 3 rations


   Skills:
 + Level 2.1 Fighting
 + Level 2.4 Short Blades
 - Level 2.0 Throwing
 - Level 1.0 Dodging
 * Level 6.9 Stealth


You had 2 spell levels left.
You didn't know any spells.
Your spell library was empty.

Dungeon Overview and Level Annotations

Branches:
Dungeon (2/15)

Altars:


Innate Abilities, Weirdness & Mutations

You cannot wear most types of armour.
You are very stealthy in the water. (Stealth+)
You are amphibious.
You can wear up to eight rings at the same time.
You can use your tentacles to constrict eight enemies at once.
Your skin changes colour to match your surroundings (Stealth+).
Your rubbery body absorbs attacks. (AC +1, EV +1)


Message History

You fade into invisibility!
The orc priest closely misses you.
You are very lightly contaminated with residual magic.
You barely miss the orc priest. Your grab misses the orc priest.
The orc priest is lightly wounded.
There is an open door here.
There's a creature in the doorway!
You closely miss the orc priest. You grab the orc priest.
You constrict the orc priest.
The orc priest calls down the wrath of Beogh upon you.
The orc priest struggles to resist.
The orc priest shouts!
You hit the orc priest.
The orc priest is lightly wounded.
You constrict the orc priest, but do no damage.
The orc priest escapes!
The orc priest invokes the aid of Beogh against you.
Pain shoots through your body!
Ouch! That really hurt!
You die...

....................# .
o..o................# ..
....................+ ..
.................†..#####.###
......o..........)<.(((()....
....###.###......)†....##.##.
. #.# ####..........# #
#.####o....###.)..#
#.)o.'@......+..†.#
######.....###....# #.....#
#...[# ###'#####....#
#.....##....# #.....##....#
#.........#.# #.....#####...
#.....# ####


You could see 2 orc priests.

Vanquished Creatures
  2 dart slugs
  A leopard gecko (D:1)
  2 orcs (D:2)
  3 giant cockroaches
  9 goblins
  7 hobgoblins
  3 kobolds
  2 bats
  5 frilled lizards (D:1)
  2 rats (D:1)
36 creatures vanquished.

Notes
Turn   | Place    | Note
-------+----------+-------------------------------------------
     0 | D:1      | suicidejoker the Octopode Assassin began the quest for the
                  | Orb.
     0 | D:1      | Reached XP level 1. HP: 14/14 MP: 1/1
   271 | D:1      | Reached XP level 2. HP: 14/19 MP: 2/2
   383 | D:1      | Reached skill level 6 in Stealth
   462 | D:1      | Reached XP level 3. HP: 17/24 MP: 3/3
  1101 | D:2      | Killed from afar by an orc priest

Skill      XL: |  1  2 |
---------------+-------+-----
Stealth        | 6 |  6.9
Fighting       | |  2.1
Short Blades   | |  2.4
Throwing       | |  2.0
Dodging        | |  1.0

Action                   || total
-------------------------++-------
Melee: Dagger            ||    72
       Constrict         ||    17
       Tentacles         ||    11
  Use: Potion            ||     2
 Stab: Sleeping          ||     6
Armor: Skin              ||     5
Dodge: Dodged            ||    67
